 Dungeon Crawl Stone Soup version 0.19.0 (webtiles) character file.

4401 Magifyre the Basher (level 10, -3/56 HPs)
             Began as a Gargoyle Fighter on Nov 9, 2016.
             Was an Elder of the Shining One.
             Slain by a komodo dragon (17 damage)
             ... on level 9 of the Dungeon.
             The game lasted 00:24:05 (7285 turns).

Magifyre the Basher (Gargoyle Fighter)              Turns: 7285, Time: 00:24:05

Health: -3/56      AC: 18    Str: 21    XL:     10   Next: 35%
Magic:  11/14      EV:  5    Int:  8    God:    the Shining One [****..]
Gold:   396        SH: 17    Dex: 12    Spells: 0 memorised, 9 levels left

rFire  + . .     SeeInvis .     I - +0 flail (holy)
rCold  x . .     Gourm    .     y - +0 chain mail (curse)
rNeg   + + +     Faith    .     c - +0 shield
rPois  ∞         Spirit   .     i - +0 helmet
rElec  +         Reflect  .     P - +0 cloak
rCorr  .         Harm     .     (no gloves)
MR     .....                    (no boots)
Stlth  ..........               (no amulet)
                                (no ring)
                                L - ring of fire

@: divine shield, glowing
A: negative energy resistance 1, electricity resistance, unbreathing,
petrification resistance, rot immunity, AC +7
a: Divine Shield, Cleansing Flame, Renounce Religion


You were on level 9 of the Dungeon.
You worshipped the Shining One.
The Shining One was greatly pleased with you.
You were hungry.

You visited 1 branch of the dungeon, and saw 9 of its levels.
You also visited: Ossuary.

You collected 396 gold pieces.

Inventory:

Hand Weapons
 g - a +3 hunting sling
 I - a +0 flail of holy wrath (weapon)
 K - a +0 whip of freezing
Missiles
 t - 10 tomahawks (quivered)
 w - 20 sling bullets
 x - 344 stones
 A - 3 tomahawks of returning
Armour
 c - a +0 shield (worn)
 i - a +0 helmet (worn)
 y - a cursed +0 chain mail (worn)
 P - a +0 cloak (worn)
Rods
 J - a +1 rod of inaccuracy (14/14)
   (You found it on level 8 of the Dungeon)
Jewellery
 L - a ring of fire (left hand)
Wands
 a - a wand of paralysis (5/24)
 z - a wand of heal wounds (3/9)
 B - a wand of iceblast (6/15)
Scrolls
 b - 4 scrolls of noise {unknown}
 h - 2 scrolls of enchant weapon {unknown}
 j - a scroll of amnesia {unknown}
 k - 2 scrolls of fear {unknown}
 m - 6 scrolls of magic mapping {unknown}
 q - 2 scrolls of fog {unknown}
 r - 3 scrolls of identify
 u - 3 scrolls of enchant armour {unknown}
 C - 4 scrolls of remove curse {unknown}
 D - a scroll of random uselessness {unknown}
 E - 3 scrolls of recharging {unknown}
 G - a scroll of summoning {unknown}
 M - 2 scrolls of teleportation {unknown}
Potions
 d - 2 potions of might
 e - 6 potions of curing
 o - 2 potions of lignification {unknown}
 p - a potion of ambrosia
 s - 3 potions of flight
 v - 3 potions of haste {unknown}
 H - a potion of agility {unknown}
 O - a potion of heal wounds {unknown}
 Q - a potion of mutation {unknown}
Books
 R - a book of Power

   Spells                             Type                      Level
   a - Fulminant Prism                Conjuration/Hexes            4
   b - Iskenderun's Mystic Blast      Conjuration                  4
   c - Venom Bolt                     Conjuration/Poison           5
   d - Bolt of Magma                  Conjuration/Fire/Earth       5
   e - Iron Shot                      Conjuration/Earth            6
   f - Orb of Destruction             Conjuration                  7
   g - Spellforged Servitor           Conjuration/Summoning        7
Comestibles
 f - 3 bread rations
 l - 3 beef jerkies
 n - 7 meat rations
 F - 2 royal jellies
 N - 12 chunks of flesh


   Skills:
 - Level 3.2 Fighting
 + Level 13.1 Maces & Flails
 - Level 3.2 Armour
 - Level 3.2 Shields
 * Level 6.6 Invocations


You had 9 spell levels left.
You didn't know any spells.

Dungeon Overview and Level Annotations

Branches:
Dungeon (9/15)             Temple (0/1) D:7
   Lair: D:8-11         Orc: D:9-12

Altars:
Ashenzari
Dithmenos
Gozag
Kikubaaqudgha
Makhleb
Nemelex Xobeh
Trog
Zin
The Shining One

Shops:
D:4 }   D:8 [[


Innate Abilities, Weirdness & Mutations

You are resistant to torment.
Your stone body is resilient. (AC +7)
You are immune to poison.
You resist negative energy. (rN+)
You are resistant to electric shocks. (rElec)
You can survive without breathing.
You are immune to petrification.
You are immune to rotting.


Message History

You are too injured to fight recklessly!
You are too injured to fight recklessly!
You are too injured to fight recklessly!
You are too injured to fight recklessly!
You are too injured to fight recklessly!
You are too injured to fight recklessly!
Your shield is strengthened by the Shining One's divine power.
You feel slightly more hungry. You block the komodo dragon's attack.
You hit the komodo dragon.
The komodo dragon is heavily wounded.
You block the komodo dragon's attack.
You hit the komodo dragon but do no damage.
The komodo dragon is moderately wounded.
You block the komodo dragon's attack.
You hit the komodo dragon.
The komodo dragon is heavily wounded.
You hit the komodo dragon.
The komodo dragon is heavily wounded.
The komodo dragon bites you!
You die...

####'#### #.### #...#
####'### #......#
#......# #......#
##### #......#
#l@.#######......#
#...###.............#
#..## #.###.##......#
( ### ###########


You could see a komodo dragon.

Vanquished Creatures
  The ghost of tijit the Slicer, a novice VSAs of Kikubaaqudgha (D:6)
  Pikel (D:7)
  Maurice (D:8)
  A wraith (Ossuary)
  A hungry ghost (D:7)
  Edmund (D:6)
  Duvessa (D:5)
  An eye of draining (D:8)
  2 black bears
  3 phantoms
  2 ogres (D:4)
  A centaur (D:7)
  2 big kobolds
  4 bullfrogs (D:8)
  Dowan (D:5)
  3 scorpions
  A water moccasin skeleton (D:6)
  A wyvern skeleton (D:8)
  2 howler monkeys
  2 bullfrog zombies
  3 crimson imps
  A quasit (D:6)
  A centaur zombie (D:5)
  A centaur skeleton (D:8)
  2 orc priests (D:5)
  2 hounds (D:7)
  A gnoll shaman (D:7)
  7 orc wizards
  2 iguanas
  7 worker ants
  A hound zombie (D:5)
  2 hound skeletons
  3 mummies (Ossuary)
  Robin (D:3)
  3 gnolls (D:7)
  9 adders
  A howler monkey skeleton (D:5)
  A shadow imp (D:5)
  An ooze (D:4)
  An adder skeleton (D:5)
  An adder zombie (D:5)
  2 worms
  2 dart slugs
  5 leopard geckos
  24 orcs
  2 giant cockroaches
  21 goblins
  14 hobgoblins
  16 jackals
  15 kobolds
  8 quokkas
  2 ball pythons
  4 bats
  10 frilled lizards
  A gnoll zombie (Ossuary)
  3 goblin zombies (Ossuary)
  6 hobgoblin zombies (Ossuary)
  2 kobold zombies (Ossuary)
  A leopard gecko zombie (D:6)
  A quokka zombie (D:7)
  7 rats
229 creatures vanquished.

Vanquished Creatures (others)
  A slave (D:7)
  A sky beast (D:7)
  2 gnolls (D:7)
4 creatures vanquished.

Grand Total: 233 creatures vanquished

Notes
Turn   | Place    | Note
-------+----------+-------------------------------------------
     0 | D:1      | Magifyre the Gargoyle Fighter began the quest for the Orb.
     0 | D:1      | Reached XP level 1. HP: 14/14 MP: 1/1
    44 | D:1      | Reached XP level 2. HP: 13/19 MP: 2/2
   221 | D:1      | Reached skill level 3 in Maces & Flails
   347 | D:1      | Reached XP level 3. HP: 22/23 MP: 3/3
   775 | D:2      | Reached skill level 4 in Maces & Flails
   878 | D:2      | Reached XP level 4. HP: 25/28 MP: 4/4
   937 | D:2      | Found a glowing golden altar of the Shining One.
   940 | D:2      | Became a worshipper of the Shining One
  1124 | D:2      | Found a shadowy altar of Dithmenos.
  1437 | D:3      | Reached skill level 5 in Maces & Flails
  1437 | D:3      | Reached XP level 5. HP: 31/32 MP: 5/5
  1526 | D:3      | Noticed Robin
  1662 | D:3      | Killed Robin
  1970 | D:3      | Found a shattered altar of Ashenzari.
  2425 | D:4      | Noticed an ogre
  2431 | D:4      | Killed an ogre
  2431 | D:4      | Reached skill level 6 in Maces & Flails
  2431 | D:4      | Reached XP level 6. HP: 34/37 MP: 6/6
  2621 | D:4      | Reached * piety under the Shining One
  3023 | D:4      | Reached skill level 7 in Maces & Flails
  3189 | D:4      | Reached XP level 7. HP: 37/41 MP: 7/7
  3296 | D:4      | Found Noozar's Gadget Shoppe.
  3575 | D:5      | Entered Level 5 of the Dungeon
  3601 | D:5      | Noticed Dowan
  3603 | D:5      | Noticed Duvessa
  3612 | D:5      | Killed Duvessa
  3612 | D:5      | Reached skill level 8 in Maces & Flails
  3617 | D:5      | Killed Dowan
  3751 | D:5      | Reached skill level 9 in Maces & Flails
  3751 | D:5      | Reached XP level 8. HP: 46/46 MP: 8/8
  3788 | D:5      | Reached ** piety under the Shining One
  4434 | D:5      | Found an opulent altar of Gozag.
  4711 | D:6      | Reached skill level 10 in Maces & Flails
  4940 | D:6      | Noticed Edmund
  4955 | D:6      | Killed Edmund
  4955 | D:6      | Reached skill level 11 in Maces & Flails
  4984 | D:6      | Noticed tijit's ghost (novice VSAs)
  4997 | D:6      | Killed tijit's ghost
  4997 | D:6      | Reached XP level 9. HP: 51/51 MP: 5/9
  5076 | D:6      | Found a sparkling altar of Nemelex Xobeh.
  5164 | D:6      | Reached skill level 12 in Maces & Flails
  5174 | D:6      | You fall through a shaft!
  5340 | D:7      | Noticed Pikel
  5358 | D:7      | Killed Pikel
  5465 | D:7      | Found a staircase to the Ecumenical Temple.
  6019 | D:7      | Noticed a moth of wrath
  6022 | D:7      | Found a bloodstained altar of Trog.
  6022 | D:7      | Reached *** piety under the Shining One
  6169 | D:8      | Found a sand-covered staircase.
  6188 | Ossuary  | Entered an ossuary
  6269 | Ossuary  | Reached **** piety under the Shining One
  6576 | D:8      | Reached XP level 10. HP: 55/56 MP: 13/13
  6654 | D:8      | Found Qaxin's Antique Armour Emporium.
  6673 | D:8      | Found Ingynn's Antique Armour Emporium.
  6689 | D:8      | Noticed Maurice
  6703 | D:8      | Killed Maurice
  6703 | D:8      | Reached skill level 13 in Maces & Flails
  6703 | D:8      | Reached skill level 5 in Invocations
  6748 | D:8      | Found a burning altar of Makhleb.
  6748 | D:8      | Found a glowing silver altar of Zin.
  6749 | D:8      | Found an ancient bone altar of Kikubaaqudgha.
  6768 | D:8      | Found an opulent altar of Gozag.
  7285 | D:9      | Slain by a komodo dragon

Skill      XL: |  1  2  3  4  5  6  7  8  9 10 |
---------------+-------------------------------+-----
Maces & Flails | 3 4 5 6 7 9 11 12 13 | 13.1
Invocations    | 4 6 |  6.6
Fighting       | |  3.2
Armour         | |  3.2
Shields        | |  3.2

Action                   |  1- 3 |  4- 6 |  7- 9 | 10-12 || total
-------------------------+-------+-------+-------+-------++-------
Melee: Flail             |   174 |   177 |   333 |   113 ||   797
       Whip              |       |       |   120 |       ||   120
Throw: Tomahawk          |       |     1 |       |       ||     1
Invok: Divine Shield     |       |       |     1 |     2 ||     3
  Use: Scroll            |       |       |     6 |       ||     6
  Eat: Chunk             |       |     8 |    13 |     3 ||    24
Armor: Scale mail        |   109 |    90 |       |       ||   199
       Chain mail        |       |    13 |   282 |    38 ||   333
Dodge: Dodged            |    58 |    63 |    96 |     9 ||   226
Block: Shield            |    99 |    87 |   208 |    33 ||   427
